TOP OF THE 1ST |
Dublin Jerome HS Celtics batting - Pitching for Oceanside HS Pirates : LHP Alex Cook
|
Pitching: LHP Alex Cook
|
|
Batting: LHB Paul Holcomb
|
0-0: Ball 1-0: TRIPLE (Line Drive, 9LS)
|
Batting: RHB Cy Wilcox
|
0-0: SINGLE (Line Drive, 4M) Paul Holcomb scores
|
Batting: RHB Pedro Polanco
|
0-0: Ball 1-0: Ball 2-0: Called Strike 2-1: Called Strike 2-2: Ball 3-2: Base on Balls Cy Wilcox to second
|
Batting: SHB Pete Jones
|
0-0: Called Strike 0-1: Reached on error, E2 (Groundball, 23) Cy Wilcox scores Pedro Polanco to third
|
Batting: RHB Craig Hicks
|
0-0: Called Strike 0-1: Ball 1-1: Ball 2-1: Ground out 6-3 (Groundball, 6) Pedro Polanco scores
|
Batting: RHB Deron McClendon
|
0-0: Called Strike 0-1: Ball 1-1: Ball 2-1: DOUBLE (Line Drive, 7LM) Pete Jones scores
|
Batting: RHB David Silva
|
0-0: SINGLE (Line Drive, 4MD) Deron McClendon to third
|
Batting: RHB Garrett Hinton
|
0-0: Swinging Strike 0-1: Ball Wild Pitch! Deron McClendon scores David Silva to second 1-1: Hit by Pitch
|
Batting: LHB Dale González
|
0-0: Ball 1-0: Foul Ball, location: 2F 1-1: Called Strike 1-2: Ball 2-2: Fly out, F9 (Flyball, 89M)
|
Batting: LHB Paul Holcomb
|
0-0: Called Strike 0-1: Fly out, F4 (Line Drive, 4)
|
Top of the 1st over - 5 run(s), 4 hit(s), 1 error(s), 2 left on base; Dublin Jerome HS 5 - Oceanside HS 0 |
BOTTOM OF THE 1ST |
Oceanside HS Pirates batting - Pitching for Dublin Jerome HS Celtics : RHP Teddy Wright
|
Pitching: RHP Teddy Wright
|
|
Batting: RHB Glen Madden
|
0-0: Foul Ball, location: 2F 0-1: Ball 1-1: Called Strike 1-2: Ball 2-2: Strikes out swinging
|
Batting: RHB Henry Rose
|
0-0: Ball 1-0: Swinging Strike 1-1: Called Strike 1-2: Strikes out swinging
|
Batting: LHB Ron Young
|
0-0: Called Strike 0-1: Called Strike 0-2: Ball 1-2: Ball 2-2: Foul Ball, location: 2F 2-2: Ball 3-2: Base on Balls
|
Batting: RHB Danny Boykins
|
0-0: Ball 1-0: Swinging Strike 1-1: Called Strike 1-2: SINGLE (Groundball, 34D) Ron Young to second Runner from 2nd tries for 3rd, OUT!
|
Bottom of the 1st over - 0 run(s), 1 hit(s), 0 error(s), 1 left on base; Dublin Jerome HS 5 - Oceanside HS 0 |
TOP OF THE 2ND |
Dublin Jerome HS Celtics batting - Pitching for Oceanside HS Pirates : LHP Alex Cook
|
Batting: RHB Cy Wilcox
|
0-0: Fly out, F7 (Flyball, 78S)
|
Batting: RHB Pedro Polanco
|
0-0: Ball 1-0: Foul Ball, location: 2F 1-1: Ball 2-1: SINGLE (Groundball, 4MD)
|
Batting: SHB Pete Jones
|
0-0: Ball 1-0: Foul Ball, location: 2F 1-1: Called Strike 1-2: Ball 2-2: Foul Ball, location: 2F 2-2: Strikes out swinging
|
Batting: RHB Craig Hicks
|
0-0: Called Strike 0-1: Foul Ball, location: 2F 0-2: Ball Wild Pitch! Pedro Polanco to second 1-2: Strikes out swinging
|
Top of the 2nd over - 0 run(s), 1 hit(s), 0 error(s), 1 left on base; Dublin Jerome HS 5 - Oceanside HS 0 |
BOTTOM OF THE 2ND |
Oceanside HS Pirates batting - Pitching for Dublin Jerome HS Celtics : RHP Teddy Wright
|
Batting: SHB Jerry Young
|
0-0: Foul Ball, location: 2F 0-1: Foul Ball, location: 2F 0-2: Foul Ball, location: 2F 0-2: Ball 1-2: Foul Ball, location: 2F 1-2: Strikes out swinging
|
Batting: LHB Preston Spencer
|
0-0: Called Strike 0-1: Ground out 4-3 (Groundball, 34)
|
Batting: LHB Greg Sharpe
|
0-0: Called Strike 0-1: Called Strike 0-2: SINGLE (Line Drive, 34D)
|
Batting: RHB Anthony Payton
|
0-0: Ball Greg Sharpe steals 2nd base 1-0: Ball 2-0: Ball 3-0: Base on Balls
|
Batting: LHB Miguel Maldonado
|
0-0: Ball 1-0: Ball 2-0: Called Strike 2-1: Swinging Strike 2-2: SINGLE (Line Drive, 89S) Greg Sharpe to third Anthony Payton to second Runner from 3rd tries for Home, SAFE, no throw or cutoff
|
Batting: RHB Glen Madden
|
0-0: SINGLE (Groundball, 4D) Anthony Payton to third Miguel Maldonado to second Runner from 3rd tries for Home, SAFE, no throw or cutoff
|
Batting: RHB Henry Rose
|
0-0: Called Strike 0-1: Ball 1-1: Ball 2-1: Ball 3-1: Base on Balls Miguel Maldonado to third Glen Madden to second
|
Batting: LHB Ron Young
|
0-0: Swinging Strike 0-1: Ball 1-1: Ball 2-1: Ball 3-1: Called Strike 3-2: DOUBLE (Flyball, 89M) Miguel Maldonado scores Glen Madden scores Henry Rose to third Henry Rose scores
|
Batting: RHB Danny Boykins
|
0-0: 2-RUN HOME RUN (Flyball, 78XD), Distance : 434 ft
|
Batting: SHB Jerry Young
|
0-0: Called Strike 0-1: Ground out 1-3 (Groundball, 13S)
|
Bottom of the 2nd over - 7 run(s), 5 hit(s), 0 error(s), 0 left on base; Dublin Jerome HS 5 - Oceanside HS 7 |
TOP OF THE 3RD |
Dublin Jerome HS Celtics batting - Pitching for Oceanside HS Pirates : LHP Alex Cook
|
Batting: RHB Deron McClendon
|
0-0: Ball 1-0: Ball 2-0: Foul Ball, location: 2F 2-1: Ground out 5-3 (Groundball, 5L)
|
Batting: RHB David Silva
|
0-0: Ball 1-0: SINGLE (Line Drive, 8RS)
|
Batting: RHB Garrett Hinton
|
0-0: Swinging Strike Reached via error on a dropped throw, E3 David Silva to second
|
Batting: LHB Dale González
|
0-0: SINGLE (Groundball, 4M) David Silva to third Garrett Hinton to second Runner from 3rd tries for Home, SAFE, throw made at trailing runner, OUT at third!
|
Batting: LHB Paul Holcomb
|
0-0: Ball 1-0: Fly out, F7 (Flyball, 78M)
|
Top of the 3rd over - 1 run(s), 2 hit(s), 1 error(s), 1 left on base; Dublin Jerome HS 6 - Oceanside HS 7 |
BOTTOM OF THE 3RD |
Oceanside HS Pirates batting - Pitching for Dublin Jerome HS Celtics : RHP Teddy Wright
|
Batting: LHB Preston Spencer
|
0-0: Ground out 1-3 (Groundball, 13S)
|
Batting: LHB Greg Sharpe
|
0-0: Fly out, F9 (Flyball, 89M)
|
Batting: RHB Anthony Payton
|
0-0: Ball 1-0: Called Strike 1-1: Swinging Strike 1-2: Foul Ball, location: 2F 1-2: Ball 2-2: SOLO HOME RUN (Flyball, 8LXD), Distance : 448 ft
|
Batting: LHB Miguel Maldonado
|
0-0: Ball 1-0: Called Strike 1-1: Ball 2-1: SINGLE (Line Drive, 56)
|
Batting: RHB Glen Madden
|
0-0: Called Strike 0-1: Foul Ball, location: 2F 0-2: Ball 1-2: Ball 2-2: Ball 3-2: Base on Balls Miguel Maldonado to second
|
Batting: RHB Henry Rose
|
0-0: Ball 1-0: Foul Ball, location: 2F 1-1: Ball 2-1: Swinging Strike 2-2: Ball 3-2: Foul Ball, location: 2F 3-2: Foul Ball, location: 2F 3-2: Foul Ball, location: 2F 3-2: SINGLE (Groundball, 6MD) Miguel Maldonado to third Glen Madden to second Miguel Maldonado scores Glen Madden to third
|
Pitching: LHP Jason Reed
|
|
Batting: LHB Ron Young
|
0-0: Ball 1-0: Ball 2-0: Foul Ball, location: 2F 2-1: Called Strike 2-2: Ground out 1-3 (Groundball, 25)
|
Bottom of the 3rd over - 2 run(s), 3 hit(s), 0 error(s), 2 left on base; Dublin Jerome HS 6 - Oceanside HS 9 |
TOP OF THE 4TH |
Dublin Jerome HS Celtics batting - Pitching for Oceanside HS Pirates : LHP Alex Cook
|
Batting: RHB Cy Wilcox
|
0-0: Ball 1-0: Ball 2-0: Called Strike 2-1: SINGLE (Line Drive, 8RS)
|
Batting: RHB Pedro Polanco
|
0-0: Called Strike 0-1: Fly out, F8 (Line Drive, 78M)
|
Batting: SHB Pete Jones
|
0-0: Ball 1-0: Ball 2-0: Called Strike 2-1: Ground out 3-1 (Groundball, 34) Cy Wilcox to second
|
Batting: RHB Craig Hicks
|
0-0: Called Strike 0-1: Foul Ball, location: 2F 0-2: Fly out, F7 (Flyball, 7D)
|
Top of the 4th over - 0 run(s), 1 hit(s), 0 error(s), 1 left on base; Dublin Jerome HS 6 - Oceanside HS 9 |
BOTTOM OF THE 4TH |
Oceanside HS Pirates batting - Pitching for Dublin Jerome HS Celtics : LHP Jason Reed
|
Batting: RHB Danny Boykins
|
0-0: Foul Ball, location: 2F 0-1: Swinging Strike 0-2: Strikes out swinging
|
Batting: SHB Jerry Young
|
0-0: Ball 1-0: Fly out, F5 (Line Drive, 56)
|
Now at 3B: Chris Curry
|
|
Batting: LHB Preston Spencer
|
0-0: Swinging Strike 0-1: Ball 1-1: Foul Ball, location: 2F 1-2: Fly out, F7 (Popup, 7S)
|
Bottom of the 4th over - 0 run(s), 0 hit(s), 0 error(s), 0 left on base; Dublin Jerome HS 6 - Oceanside HS 9 |
TOP OF THE 5TH |
Dublin Jerome HS Celtics batting - Pitching for Oceanside HS Pirates : LHP Alex Cook
|
Batting: RHB Deron McClendon
|
0-0: Ground out 5-3 (Groundball, 5)
|
Batting: RHB David Silva
|
0-0: Fly out, F9 (Flyball, 9LM)
|
Batting: RHB Garrett Hinton
|
0-0: Called Strike 0-1: Called Strike 0-2: Ground out 6-3 (Groundball, 6M)
|
Top of the 5th over - 0 run(s), 0 hit(s), 0 error(s), 0 left on base; Dublin Jerome HS 6 - Oceanside HS 9 |
BOTTOM OF THE 5TH |
Oceanside HS Pirates batting - Pitching for Dublin Jerome HS Celtics : LHP Jason Reed
|
Batting: LHB Greg Sharpe
|
0-0: Foul Ball, location: 2F 0-1: Ball 1-1: Ground out 6-3 (Groundball, 6M)
|
Batting: RHB Anthony Payton
|
0-0: Ball 1-0: Foul Ball, location: 2F 1-1: Ball 2-1: Ball 3-1: Foul Ball, location: 2F 3-2: Fly out, F7 (Flyball, 78M)
|
Batting: LHB Miguel Maldonado
|
0-0: Called Strike 0-1: Ground out 6-3 (Groundball, 6M)
|
Bottom of the 5th over - 0 run(s), 0 hit(s), 0 error(s), 0 left on base; Dublin Jerome HS 6 - Oceanside HS 9 |
TOP OF THE 6TH |
Dublin Jerome HS Celtics batting - Pitching for Oceanside HS Pirates : LHP Alex Cook
|
Batting: LHB Dale González
|
0-0: Ball 1-0: Fly out, F6 (Line Drive, 6)
|
Batting: LHB Paul Holcomb
|
0-0: Ball 1-0: Ball 2-0: Fly out, F5 (Line Drive, 56)
|
Batting: RHB Cy Wilcox
|
0-0: Ball 1-0: Foul Ball, location: 2F 1-1: Ground out 6-3 (Groundball, 6)
|
Top of the 6th over - 0 run(s), 0 hit(s), 0 error(s), 0 left on base; Dublin Jerome HS 6 - Oceanside HS 9 |
BOTTOM OF THE 6TH |
Oceanside HS Pirates batting - Pitching for Dublin Jerome HS Celtics : LHP Jason Reed
|
Batting: RHB Glen Madden
|
0-0: Swinging Strike 0-1: Ball 1-1: Fly out, F9 (Flyball, 89M)
|
Batting: RHB Henry Rose
|
0-0: SINGLE (Groundball, 34S)
|
Batting: LHB Ron Young
|
0-0: Ball 1-0: Ball Henry Rose steals 2nd base 2-0: Intentional Walk
|
Batting: RHB Danny Boykins
|
0-0: Ball 1-0: Ball 2-0: Called Strike 2-1: Fly out, F7 (Flyball, 7M)
|
Batting: SHB Jerry Young
|
0-0: Foul Ball, location: 2F 0-1: Foul Ball, location: 2F 0-2: Foul Ball, location: 2F 0-2: Ball 1-2: Ball 2-2: Ground out U3 (Groundball, 3S)
|
Bottom of the 6th over - 0 run(s), 1 hit(s), 0 error(s), 2 left on base; Dublin Jerome HS 6 - Oceanside HS 9 |
TOP OF THE 7TH |
Dublin Jerome HS Celtics batting - Pitching for Oceanside HS Pirates : LHP Alex Cook
|
Pitching: RHP Rafael Anariba
|
|
Batting: RHB Pedro Polanco
|
0-0: Ball 1-0: Ball 2-0: Ball 3-0: Called Strike 3-1: Base on Balls
|
Batting: SHB Pete Jones
|
0-0: Swinging Strike 0-1: Ball 1-1: Called Strike 1-2: Strikes out swinging
|
Batting: RHB Chris Curry
|
0-0: Called Strike 0-1: Ball 1-1: Ball 2-1: Ball 3-1: Foul Ball, location: 2F 3-2: Foul Ball, location: 2F 3-2: Base on Balls Pedro Polanco to second
|
Batting: RHB Deron McClendon
|
0-0: Called Strike 0-1: SINGLE (Groundball, 15) (infield hit) Pedro Polanco to third Chris Curry to second
|
Batting: RHB David Silva
|
0-0: SINGLE (Groundball, 3S) Pedro Polanco scores Chris Curry to third Deron McClendon to second Runner from 3rd tries for Home, SAFE, no throw or cutoff
|
Batting: RHB Garrett Hinton
|
0-0: SINGLE (Flyball, 9LS) Deron McClendon to third David Silva to second
|
Batting: LHB Dale González
|
0-0: Ball 1-0: Foul Ball, location: 2F 1-1: Ball 2-1: Called Strike 2-2: Fly out, F9 (Flyball, 89M) Runner from 3rd tags up, SCORES, throw made
|
Pitching: LHP Mariano García
|
|
Batting: LHB Paul Holcomb
|
0-0: Foul Ball, location: 2F 0-1: Foul Ball, location: 2F 0-2: Ball 1-2: Ball 2-2: Ball 3-2: SINGLE (Groundball, 4) David Silva to third Garrett Hinton to second David Silva scores Garrett Hinton to third
|
Batting: RHB Cy Wilcox
|
0-0: Ball Wild Pitch! Garrett Hinton scores Paul Holcomb to second 1-0: Ball 2-0: Foul Ball, location: 2F 2-1: Foul Ball, location: 2F 2-2: Strikes out swinging
|
Top of the 7th over - 5 run(s), 4 hit(s), 0 error(s), 1 left on base; Dublin Jerome HS 11 - Oceanside HS 9 |
BOTTOM OF THE 7TH |
Oceanside HS Pirates batting - Pitching for Dublin Jerome HS Celtics : LHP Jason Reed
|
Batting: LHB Preston Spencer
|
0-0: Ball 1-0: Ball 2-0: Ball 3-0: Called Strike 3-1: Base on Balls
|
Batting: LHB Greg Sharpe
|
0-0: Ball 1-0: Ball 2-0: Called Strike 2-1: Foul Ball, location: 2F 2-2: Strikes out swinging
|
Pitching: LHP Clarence Webb
|
|
Batting: RHB Anthony Payton
|
0-0: Called Strike 0-1: Called Strike 0-2: Foul Ball, location: 2F 0-2: Reached on error, E5 (Groundball, 5S) Preston Spencer to third
|
Batting: LHB Miguel Maldonado
|
0-0: Called Strike 0-1: Swinging Strike 0-2: Fly out, F5 (Popup, 5S)
|
Batting: RHB Glen Madden
|
0-0: Foul Ball, location: 2F 0-1: Fly out, F9 (Flyball, 9LM)
|
Bottom of the 7th over - 0 run(s), 0 hit(s), 1 error(s), 2 left on base; Dublin Jerome HS 11 - Oceanside HS 9 |
TOP OF THE 8TH |
Dublin Jerome HS Celtics batting - Pitching for Oceanside HS Pirates : LHP Mariano García
|
Batting: RHB Pedro Polanco
|
0-0: Ball 1-0: Ball 2-0: Foul Ball, location: 2F 2-1: Foul Ball, location: 2F 2-2: Foul Ball, location: 2F 2-2: Foul Ball, location: 2F 2-2: Ball 3-2: SINGLE (Groundball, 34) (infield hit)
|
Batting: SHB Pete Jones
|
0-0: Called Strike 0-1: Ball 1-1: Ball 2-1: Ball 3-1: Base on Balls Pedro Polanco to second
|
Batting: RHB Chris Curry
|
0-0: SINGLE (Flyball, 89S) Pedro Polanco to third Pete Jones to second Runner from 3rd tries for Home, SAFE, no throw or cutoff
|
Batting: RHB Deron McClendon
|
0-0: Swinging Strike 0-1: Foul Ball, location: 2F 0-2: Strikes out swinging
|
Batting: RHB David Silva
|
0-0: Foul Ball, location: 2F 0-1: Ball 1-1: Foul Ball, location: 2F 1-2: Fly out, F8 (Flyball, 89M)
|
Batting: RHB Garrett Hinton
|
0-0: Foul Ball, location: 2F 0-1: Foul Ball, location: 2F 0-2: Ball 1-2: Strikes out swinging
|
Top of the 8th over - 1 run(s), 2 hit(s), 0 error(s), 2 left on base; Dublin Jerome HS 12 - Oceanside HS 9 |
BOTTOM OF THE 8TH |
Oceanside HS Pirates batting - Pitching for Dublin Jerome HS Celtics : LHP Clarence Webb
|
Batting: RHB Henry Rose
|
0-0: Swinging Strike 0-1: Foul Ball, location: 2F 0-2: Ball 1-2: Ball 2-2: Ball 3-2: Base on Balls
|
Pitching: LHP Gilbert Robinson
|
|
Batting: LHB Ron Young
|
0-0: Called Strike 0-1: Ball 1-1: SINGLE (Groundball, 56) Henry Rose to second
|
Pitching: RHP Zach Hutchinson
|
|
Batting: RHB Danny Boykins
|
0-0: Ball 1-0: Called Strike 1-1: Ball 2-1: Grounds into double play, U5-3 (Groundball, 5L) Ron Young to second
|
Pitching: LHP Dan Riggs
|
|
Batting: SHB Jerry Young
|
0-0: Ball 1-0: Ball 2-0: Called Strike 2-1: Foul Ball, location: 2F 2-2: Strikes out swinging
|
Bottom of the 8th over - 0 run(s), 1 hit(s), 0 error(s), 1 left on base; Dublin Jerome HS 12 - Oceanside HS 9 |
TOP OF THE 9TH |
Dublin Jerome HS Celtics batting - Pitching for Oceanside HS Pirates : LHP Mariano García
|
Pitching: RHP Ed Castillo
|
|
Batting: LHB Dale González
|
0-0: Called Strike 0-1: Ball 1-1: Ground out 4-3 (Groundball, 4)
|
Batting: LHB Paul Holcomb
|
0-0: Called Strike 0-1: SINGLE (Flyball, 7S)
|
Batting: RHB Cy Wilcox
|
0-0: Ball 1-0: TRIPLE (Line Drive, 3L) Paul Holcomb scores
|
Batting: RHB Pedro Polanco
|
0-0: Intentional Walk
|
Batting: SHB Pete Jones
|
0-0: Called Strike 0-1: Ball 1-1: Ball 2-1: Swinging Strike 2-2: SINGLE (Groundball, 4M) Cy Wilcox scores Pedro Polanco to second Runner from 2nd tries for 3rd, SAFE, throw made to third
|
Batting: RHB Chris Curry
|
0-0: Ball 1-0: Ball 2-0: Fly out, F9 (Line Drive, 9M) Runner from 3rd tags up, SCORES, throw made
|
Pitching: LHP Denis Hoelscher
|
|
Batting: RHB Deron McClendon
|
0-0: Ball 1-0: Fly out, F8 (Flyball, 8LD)
|
Top of the 9th over - 3 run(s), 3 hit(s), 0 error(s), 1 left on base; Dublin Jerome HS 15 - Oceanside HS 9 |
BOTTOM OF THE 9TH |
Oceanside HS Pirates batting - Pitching for Dublin Jerome HS Celtics : LHP Dan Riggs
|
Now at 1B: Brian Jackson
|
|
Batting: LHB Preston Spencer
|
0-0: Ball 1-0: Foul Ball, location: 2F 1-1: Foul Ball, location: 2F 1-2: Ball Single, Error in OF, E8, batter to second base
|
Batting: LHB Greg Sharpe
|
0-0: Called Strike 0-1: SINGLE (Line Drive, 9S) Preston Spencer to third
|
Batting: RHB Anthony Payton
|
0-0: Called Strike 0-1: Grounds into double play, 1-6-3 (Groundball, 13)
|
Batting: LHB Miguel Maldonado
|
0-0: Foul Ball, location: 2F 0-1: Called Strike 0-2: Strikes out looking
|
Bottom of the 9th over - 0 run(s), 2 hit(s), 1 error(s), 1 left on base; Dublin Jerome HS 15 - Oceanside HS 9 |
|